AoeStats
← blizzopop

African Clearing

510326136Analyzed
3v3 RM · 23h ago on Sep 30, 2026· 49m 51s· 6 players
Game mode
Random Map
Map size
Normal (6 player)
Population
200
Speed
Normal
Resources
Standard
Victory
Conquest
Starting age
Dark Age
Ending age
Imperial Age
RankedLock teamsTeams togetherTeam positionsShared explorationLock speedFull tech treeHidden civsTurbo modeCheats
Victory
Defeat
🇺🇸 Huns · United States
1117
+14
🇹🇼 Saxons · Taiwan
1092
+15
🇳🇴 Poles · Norway
1066
+16
🇨🇳 Chinese · China
1137
-19
🇹🇼 Vietnamese · Taiwan
1031
-13
🇹🇼 Persians · Taiwan
1029
-13
blizzopop
10:33 Loom
12:47 Feudal Age
16:41 Forging
31:39 Castle Age
30:09 Double-Bit Axe
30:49 Gold Mining
32:05 Fletching
33:23 Padded Archer Armor
38:45 Bloodlines
39:20 Ballistics
40:57 Bodkin Arrow
41:17 Husbandry
49:24 Thumb Ring
Asura
10:06 Loom
12:38 Feudal Age
18:08 Castle Age
17:59 Wheelbarrow
34:09 Fletching
43:15 Double-Bit Axe
SMF
6:34 Loom
18:54 Feudal Age
21:57 Fletching
22:04 Fletching
28:57 Castle Age
TingA
6:39 Loom
15:43 Feudal Age
32:15 Double-Bit Axe
37:10 Horse Collar
39:12 Fletching
43:23 Castle Age
41:51 Gold Mining
42:25 Arson
45:46 Heavy Plow
45:10 Elite Skirmisher
48:25 Wheelbarrow
48:42 Stone Mining
小小吸管
6:45 Loom
19:34 Feudal Age
32:04 Fletching
46:35 Castle Age
48:53 Husbandry
49:52 Bloodlines
中国足球
3:03 Loom
11:48 Feudal Age
12:39 Double-Bit Axe
17:10 Forging
20:21 Castle Age
19:29 Scale Barding Armor
21:49 Wheelbarrow
20:52 Light Cavalry
21:44 Bloodlines
22:44 Husbandry
23:21 Iron Casting
33:10 Fletching
34:15 Bodkin Arrow
34:37 Hand Cart
36:03 Padded Archer Armor
38:33 Ballistics
42:03 Imperial Age
40:44 Bow Saw
42:35 Capped Ram
43:52 Bracer
46:31 Conscription
Connection lost

Rejoining the realm…

Still unreachable

The connection could not be restored.

Session expired

The server has moved on; the page needs a fresh start.